 Dungeon Crawl Stone Soup version 0.30.1-4-g462c640d31 (webtiles) character file.

Game seed: 13786490009870519326

23977 hawla the Thaumaturge (level 13, -2/93 HPs)
             Began as a Meteoran Fire Elementalist on Aug 29, 2023.
             Was an Elder of Vehumet.
             Engulfed by a ghost crab's spectral mist (11 damage)
             ... on level 1 of the Swamp.
             The game lasted 00:38:45 (6473 turns).

hawla the Thaumaturge (Meteoran Fire Elementalist)  Turns: 6473, Time: 00:38:45

Health: -2/93      AC: 11    Str:  9    XL:     13   Next: 74%
Magic:  9/30       EV: 14    Int: 30    God:    Vehumet [****..]
Gold:   822        SH:  5    Dex: 14    Spells: 14/36 levels left

rFire   . . .        I - staff of conjuration
rCold   x . .        (no shield)
rNeg    . . .        m - +0 steam dragon scales
rPois   .            x - +1 helmet
rElec   .            i - +0 cloak
rCorr   .            u - +0 pair of gloves
SInv    .            d - +1 pair of boots
Will    +....        f - amulet of reflection
Stlth   +            E - ring of flight
HPRegen 0.35/turn    c - +6 ring of intelligence
MPRegen 0.22/turn

%: reflection
@: lethally poisoned (-2 -> -4), flying, glowing
A: sense surroundings 2, otherworldly, glowing, explore regen, cold
vulnerability 1
a: Renounce Religion


You were on level 1 of the Swamp.
You worshipped Vehumet.
Vehumet was greatly pleased with you.
You visited 4 branches of the dungeon, and saw 14 of its levels.
You also visited: Sewer and Bailey.

You collected 822 gold pieces.

Inventory:

Hand Weapons
 q - the +1 short sword "Rushock" {freeze, Contam *Rage rCorr Int+6}
   (You found it in a bailey)

   Int:       It affects your intelligence (+6).
   *Rage:     It berserks you when you make melee attacks (+20% chance).
   Contam:    It causes magical contamination when unequipped.
   rCorr:     It protects you from acid and corrosion.
 z - a +1 whip of flaming
Armour
 d - a +1 pair of boots (worn)
 i - a +0 cloak (worn)
 m - +0 steam dragon scales (worn)
 s - a +2 robe of positive energy
 u - a +0 pair of gloves (worn)
 x - a +1 helmet (worn)
Magical Staves
 I - a staff of conjuration (weapon)
Jewellery
 c - a +6 ring of intelligence (right hand)
 e - a ring of protection from fire
 f - an amulet of reflection (around neck)
 D - a +6 ring of dexterity
 E - a ring of flight (left hand)
 H - an amulet of guardian spirit
 K - a ring of magical power
Wands
 a - a wand of charming (19) (quivered)
 B - a wand of mindburst (5)
 L - a wand of iceblast (4)
Scrolls
 n - 2 scrolls of fog
 o - 2 scrolls of teleportation
 y - a scroll of fear
 A - 3 scrolls of enchant armour
 C - a scroll of magic mapping
 F - a scroll of enchant weapon {unknown}
 G - 2 scrolls of amnesia
 J - a scroll of identify
Potions
 b - a potion of mutation {unknown}
 g - 4 potions of might
 h - 2 potions of attraction
 j - a potion of invisibility
 k - 4 potions of flight
 p - a potion of haste
 r - 5 potions of curing
 t - a potion of lignification {unknown}
 v - a potion of cancellation
 w - 2 potions of heal wounds {unknown}
Miscellaneous
 l - a phantom mirror


   Skills:
 + Level 2.5 Fighting
 - Level 10.0 Short Blades
 - Level 12.0 Maces & Flails
 + Level 1.0(7.0) Staves
 + Level 5.6 Dodging
 - Level 1.4 Stealth
 + Level 12.2 Spellcasting
 + Level 10.9 Conjurations
 + Level 2.0 Translocations
 + Level 12.0 Fire Magic
 + Level 3.0 Evocations


You had 14 spell levels left.
You knew the following spells:

 Your Spells              Type           Power      Damage    Failure   Level
a - Foxfire               Conj/Fire      100%       2x1d9     1%          1
b - Scorch                Fire           100%       2d9       1%          2
c - Flame Wave            Conj/Fire      92%        2d19      1%          4
d - Iskenderun's Mystic   Conj/Tloc      72%        2d15      1%          4
e - Iskenderun's Battles  Conj           90%        2d14      1%          5
f - Starburst             Conj/Fire      46%        6d13      1%          6

Your spell library contained the following spells:

 Spells                   Type           Power      Damage    Failure   Level
 Fireball                 Conj/Fire      46%        3d18      1%          5
 Lesser Beckoning         Tloc           60%        N/A       1%          2
 Dazzling Flash           Conj/Hex       100%       N/A       1%          3
 Ignite Poison            Fire/Tmut/Pois 42%        N/A       1%          3
 Inner Flame              Hex/Fire       53%        N/A       1%          3
 Volatile Blastmotes      Fire/Tloc      100%       2d18      1%          3
 Fulminant Prism          Conj/Hex       33%        3d16      1%          4
 Sticky Flame             Conj/Fire      92%        2d10      1%          4
 Summon Small Mammal      Summ           72%        N/A       2%          1
 Gell's Gravitas          Tloc           30%        N/A       3%          3
 Teleport Other           Tloc           30%        N/A       3%          3
 Sublimation of Blood     Necr           18%        N/A       4%          2
 Wereblood                Tmut           18%        N/A       4%          2
 Portal Projectile        Hex/Tloc       48%        N/A       5%          3
 Orb of Destruction       Conj           45%        9d12      7%          7
 Call Canine Familiar     Summ           18%        N/A       9%          3
 Summon Guardian Golem    Hex/Summ       18%        N/A       9%          3
 Tukima's Dance           Hex            18%        N/A       9%          3
 Passage of Golubria      Tloc           30%        N/A       12%         4
 Iron Shot                Conj/Erth      33%        9d7       12%         6
 Lee's Rapid Deconstruct  Erth           9%         3d7*      21%         5
 Yara's Violent Unravell  Hex/Tmut       9%         3d6       21%         5
 Cause Fear               Hex            9%         N/A       28%         4
 Leda's Liquefaction      Hex/Erth       9%         N/A       28%         4
 Ignition                 Fire           37%        3d11      32%         8
 Spellforged Servitor     Conj/Summ      33%        N/A       50%         7
 Dragon Form              Tmut           9%         N/A       100%        7
 Summon Hydra             Summ           9%         N/A       100%        7
 Dragon's Call            Summ           9%         N/A       100%        9


Dungeon Overview and Level Annotations

Branches:
Dungeon (9/15) Zot: 980    Temple (1/1) D:7 Zot: 456    Lair (3/5) D:9 Zot: 333
  Swamp (1/4) Lair:3 Zot: 546   Sewer (visited)          Bailey (visited)
  Snake: Lair:2-3    Spider: Lair:2-3       Orc: D:9-12

Altars:
Ashenzari
Cheibriados
Elyvilon
Fedhas
Gozag
Hepliaklqana
Kikubaaqudgha
Makhleb
Nemelex Xobeh
Okawaru
Qazlal
Ru
Trog
Uskayaw
Vehumet
Wu Jian
Xom
Yredelemnul
Zin
The Shining One

Annotations:
D:6 3 runed translucent doors, Arctor's ghost, amateur OpTm; CareLess's ghost, novice MiFi; gdog's ghost, novice GnDe


Innate Abilities, Weirdness & Mutations

You passively map the area around you.
You are easily found by Zot.
You glow in the dark.
You regain HP and MP as you explore.
You are vulnerable to cold. (rC-)


Message History

Your battlesphere fires!
The barrage of energy hits the ghost crab.
The ghost crab is lightly damaged.
The eleionoma hurls a spray of splinters at you.
The spray of wooden splinters hits you!
* * * LOW HITPOINT WARNING * * *
A wave of flame ripples out!
The mangrove smoulders and burns.
The flame wave engulfs the eleionoma!!
The eleionoma is severely wounded.
You feel sick.
A barrage of energy appears from out of your range of vision.
The barrage of energy hits the ghost crab but does no damage.
The ghost crab is lightly damaged.
The ghost crab breathes spectral mist at you.
The spectral mist engulfs you but does no damage.
Casting: Flame Wave (safe; 1% risk of failure)
Confirm with . or Enter, or press ? or * to list all spells.
You feel a surge of power!
You imbue your battlesphere with additional charge.
You are engulfed in spectral mist.
* * * LOW HITPOINT WARNING * * *
You feel sick.
The eleionoma is engulfed in a cloud of scalding steam.
The ghost crab breathes spectral mist at you.
The spectral mist engulfs your battlesphere but does no damage.
Your battlesphere is engulfed in spectral mist.
Casting: Iskenderun's Battlesphere (mildly dangerous; 1% risk of failure)
Confirm with . or Enter, or press ? or * to list all spells.
Casting: Starburst (dangerous; 1% risk of failure)
Press: ? - help, Dir - look around, f - activate You feel a surge of power!
You smell burning wood. x3
The bolt of fire hits the eleionoma!!!
You kill the eleionoma!
Vehumet accepts your kill.
You feel your power returning.
You smell burning wood.
The bolt of fire misses the spectral death drake.
The bolt of fire hits the ghost crab!!
The ghost crab is heavily damaged.
You are engulfed in spectral mist.
You die...

♣♣♣.†.~~.~♣♣ *~§.
♣♣♣≈≈≈≈≈≈≈~~.♣* ~..
♣♣≈≈≈≈≈≈≈≈≈≈≈.~♣ ♣..
♣ ~≈≈≈~~~~~~≈≈≈≈≈♣ *
* ♣≈ ≈~~~....~~≈≈≈≈≈≈
** *
*♣≈♣♣...≈≈...≈≈≈≈≈≈♣
~
.♣♣≈.§☼§§§≈.~≈≈≈..♣♣,
..(.~~§§§*†~≈≈≈≈... ,
* , ♣~~§§@Z§§§t....~♣
, * ,
♣≈≈≈§§§☼☼☼☼☼~..~♣ *,
*, ♣≈≈≈≈§§§§§§○§.♣≈~≈
~ *
♣♣♣♣≈≈≈≈§☼§☼§~~≈≈≈ *
♣♣.§≈≈☼≈§≈≈≈≈≈~ ,
*♣.§.≈≈≈≈≈≈≈§.. ~~ *
♣~~~~.[.~.♣♣.§. , ~
♣~~~~.~~~..,~. ** ,
~~ ,


You could see a ghost crab (ally target), a spectral death drake (summoned) and
a friendly battlesphere.

Vanquished Creatures
  An eleionoma (Swamp:1)
  2 bunyips (Swamp:1)
  A hydra (Lair:3)
  A boulder beetle (Lair:2)
  4 death yaks (Lair:2)
  A bog body (Swamp:1)
  A swamp dragon (Swamp:1)
  An orc knight (Bailey)
  Pikel (D:5)
  3 elephants (Lair:3)
  6 cane toads
  4 komodo dragons
  A troll (D:9)
  A tyrant leech (Swamp:1)
  Grinder (D:5)
  9 blink frogs (Lair:3)
  Sigmund (D:5)
  26 yaks
  4 wyverns
  2 steam dragons
  Menkaure (D:5)
  Edmund (D:4)
  An acid dragon (D:9)
  3 swamp worms (Swamp:1)
  8 water moccasins
  Duvessa (D:5)
  4 orc warriors (Bailey)
  A sky beast (D:8)
  An ice beast (D:5)
  3 wolves (D:9)
  An ogre (D:5)
  2 centaurs
  4 lemures (D:5)
  A phantom (D:7)
  10 bullfrogs
  A gnoll sergeant (D:6)
  2 scorpions (D:6)
  17 wights
  Dowan (D:5)
  6 killer bees (D:9)
  An electric eel (D:9)
  A bullfrog zombie (D:5)
  6 hounds
  4 jellies
  6 orc priests
  4 iguanas
  5 orc wizards
  5 hell rats (Lair:1)
  A howler monkey zombie (D:5)
  8 gnolls
  5 adders
  A white imp (D:5)
  3 ufetubi
  3 worms
  A dart slug (D:2)
  47 orcs
  4 ball pythons
  A bat (D:3)
  2 endoplasms (D:3)
  8 giant cockroaches
  8 goblins
  4 hobgoblins
  6 jackals
  7 quokkas
  A frilled lizard (D:3)
  2 kobolds
  3 rats
287 creatures vanquished.

Vanquished Creatures (collateral kills)
  Joseph (D:7)
1 creature vanquished.

Vanquished Creatures (others)
  A deep elf zephyrmancer (Bailey)
  290 foxfires
291 creatures vanquished.

Grand Total: 579 creatures vanquished

Notes
Turn   | Place    | Note
-------+----------+-------------------------------------------
     0 | D:1      | hawla the Meteoran Fire Elementalist began the quest for
                  | the Orb.
     0 | D:1      | Reached XP level 1. HP: 14/14 MP: 5/5
    78 | D:2      | Reached XP level 2. HP: 20/20 MP: 3/6
    81 | D:2      | Learned a level 2 spell: Scorch
   192 | D:2      | Reached XP level 3. HP: 26/26 MP: 8/8
   300 | D:3      | Found a faded altar of an unknown god.
   408 | D:3      | Found a glowing golden altar of the Shining One.
   525 | D:3      | Reached XP level 4. HP: 32/33 MP: 1/9
   620 | D:3      | Found a glowing drain.
   633 | Sewer    | Entered a sewer
   662 | Sewer    | Noticed a water moccasin
   665 | Sewer    | Killed a water moccasin
   666 | Sewer    | Reached skill level 5 in Fire Magic
   666 | Sewer    | Reached XP level 5. HP: 38/38 MP: 4/12
   739 | D:3      | Reached XP level 6. HP: 45/45 MP: 10/13
   744 | D:3      | Learned a level 4 spell: Flame Wave
   791 | D:3      | Reached skill level 1 in Evocations
  1019 | D:4      | Noticed Edmund
  1031 | D:4      | Killed Edmund
  1032 | D:4      | Reached XP level 7. HP: 35/50 MP: 8/14
  1468 | D:5      | Entered Level 5 of the Dungeon
  1491 | D:5      | Noticed Sigmund
  1492 | D:5      | Noticed Pikel
  1496 | D:5      | Killed Sigmund
  1497 | D:5      | Reached skill level 5 in Conjurations
  1526 | D:5      | Noticed Menkaure
  1539 | D:5      | Killed Menkaure
  1539 | D:5      | Killed Pikel
  1540 | D:5      | Reached XP level 8. HP: 6/57 MP: 10/15
  1580 | D:5      | Noticed Grinder
  1592 | D:5      | Killed Grinder
  1593 | D:5      | Gained mutation: You passively map the area around you.
                  | [Meteoran growth]
  1593 | D:5      | Reached XP level 9. HP: 57/62 MP: 16/16
  1606 | D:5      | Noticed Duvessa
  1607 | D:5      | Noticed Dowan
  1614 | D:5      | Killed Dowan
  1616 | D:5      | Killed Duvessa
  1663 | D:5      | Reached skill level 10 in Maces & Flails
  1967 | D:5      | Found a hide-covered altar of Uskayaw.
  1969 | D:5      | Noticed a +0 hand axe
  1969 | D:5      | Noticed a +0 dagger
  2039 | D:5      | Found a basalt altar of Yredelemnul.
  2185 | D:6      | Found a runed translucent gate.
  2186 | D:6      | Found a runed translucent gate.
  2189 | D:6      | Found a runed translucent gate.
  2191 | D:6      | Noticed Arctor's ghost (amateur OpTm)
  2191 | D:6      | Noticed gdog's ghost (novice GnDe)
  2191 | D:6      | Noticed CareLess's ghost (novice MiFi)
  2299 | D:6      | Learned a level 4 spell: Iskenderun's Mystic Blast
  2325 | D:6      | Reached skill level 1 in Translocations
  2734 | D:7      | Reached skill level 1 in Fighting
  2734 | D:7      | Reached skill level 5 in Spellcasting
  2734 | D:7      | Reached XP level 10. HP: 71/71 MP: 11/18
  2755 | D:7      | Found a staircase to the Ecumenical Temple.
  2764 | Temple   | Entered the Ecumenical Temple
  2885 | Temple   | Became a worshipper of Vehumet
  2954 | D:7      | Noticed Joseph
  2967 | D:7      | Killed Joseph
  3138 | D:8      | Found a flagged portal.
  3150 | Bailey   | Entered a bailey
  3217 | Bailey   | Reached * piety under Vehumet
  3217 | Bailey   | Offered knowledge of Magic Dart by Vehumet.
  3235 | Bailey   | Found a large runed translucent door.
  3235 | Bailey   | Found a large runed translucent door.
  3235 | Bailey   | Noticed a deep elf zephyrmancer
  3237 | Bailey   | Noticed an orc knight
  3289 | Bailey   | Killed an orc knight
  3290 | Bailey   | Reached skill level 5 in Dodging
  3290 | Bailey   | Reached XP level 11. HP: 17/79 MP: 2/23
  3396 | Bailey   | Killed a deep elf zephyrmancer
  3412 | Bailey   | Identified the +1 short sword "Rushock" {freeze, Contam
                  | *Rage rCorr Int+6}
  3420 | Bailey   | Learned a level 5 spell: Iskenderun's Battlesphere
  3427 | Bailey   | Learned a level 6 spell: Starburst
  3918 | D:8      | Found a broken altar of Ashenzari.
  4277 | D:9      | Reached skill level 1 in Short Blades
  4343 | D:9      | Offered knowledge of Searing Ray by Vehumet.
  4343 | D:9      | Reached ** piety under Vehumet
  4351 | D:9      | Reached skill level 5 in Short Blades
  4365 | D:9      | Found a staircase to the Lair.
  4526 | D:9      | Offered knowledge of Frozen Ramparts by Vehumet.
  4962 | Lair:1   | Entered Level 1 of the Lair of Beasts
  5005 | Lair:1   | Reached *** piety under Vehumet
  5006 | Lair:1   | Reached XP level 12. HP: 85/85 MP: 15/25
  5299 | Lair:1   | Offered knowledge of Stone Arrow by Vehumet.
  5356 | Lair:1   | Reached skill level 10 in Short Blades
  5601 | Lair:2   | Identified the +0 robe of Cias {Str+2}
  5654 | Lair:2   | Gained mutation: You are vulnerable to cold. (rC-)
                  | [mutagenic glow]
  5662 | Lair:2   | Noticed a death yak
  5662 | Lair:2   | Noticed a death yak
  5664 | Lair:2   | Noticed a death yak
  5664 | Lair:2   | Noticed a death yak
  5667 | Lair:2   | Noticed a boulder beetle
  5671 | Lair:2   | Killed a death yak
  5672 | Lair:2   | Killed a death yak
  5674 | Lair:2   | Killed a death yak
  5675 | Lair:2   | Reached skill level 10 in Fire Magic
  5676 | Lair:2   | Killed a death yak
  5676 | Lair:2   | Killed a boulder beetle
  5685 | Lair:2   | Reached XP level 13. HP: 35/93 MP: 7/27
  6060 | Lair:2   | Reached skill level 10 in Spellcasting
  6060 | Lair:2   | Reached skill level 10 in Conjurations
  6164 | Lair:3   | Reached **** piety under Vehumet
  6235 | Lair:3   | Offered knowledge of Fireball by Vehumet.
  6391 | Lair:3   | Found a staircase to the Swamp.
  6409 | Lair:3   | Noticed an eight-headed hydra
  6413 | Lair:3   | Killed an eight-headed hydra
  6418 | Swamp:1  | Entered Level 1 of the Swamp
  6418 | Swamp:1  | Noticed a bunyip
  6428 | Swamp:1  | Killed a bunyip
  6454 | Swamp:1  | Noticed a bunyip
  6464 | Swamp:1  | Killed a bunyip
  6465 | Swamp:1  | Reached skill level 1 in Staves
  6465 | Swamp:1  | Noticed an eleionoma
  6468 | Swamp:1  | Noticed a ghost crab
  6473 | Swamp:1  | Killed an eleionoma
  6473 | Swamp:1  | Engulfed by a ghost crab's spectral mist

Illustrated notes

Levels and vault maps discovered:
D:1:      erik_arrival_triangle_medium, layout_rooms, serial_shops,
          nicolae_shop_pleasant_corner_grove
D:2:      layout_loops_ring
D:3:      layout_basic, mainiacjoe_overflow_alcove_4,
          ebering_ecumenical_altar_sacrificial, gup_sewer_entry_pipe,
          st_stairs_3, hangedman_decor_peaks_small, hangedman_decor_growths
D:4:      layout_basic, kennysheep_flooded_box, nrook_mini_backslash,
          minmay_statues_item, minmay_cut_off, uniq_edmund
D:5:      layout_rooms, dancing_weapons_uskayaw,
          lemuel_zombie_altar_yredelemnul, uniq_grinder, uniq_pikel,
          uniq_duvessa, uniq_sigmund, uniq_menkaure
D:6:      layout_rooms, gammafunk_ghost_cemetery, minmay_door_square
D:7:      layout_rooms, minmay_temple_entry_proselytizer, uniq_joseph
D:8:      layout_gridville, mainiacjoe_overflow_catwalk, enter_bailey_5
D:9:      layout_basic, erik_lair_island
Temple:   kb_temple_of_zot
Lair:1:   layout_regular_city, infiniplex_staircase_pool_2
Lair:2:   layout_layer_cave
Lair:3:   layout_cave_pods, swamp_mist, guppyfry_snake_entry_garden
Swamp:1:  nicolae_swamp_tree_isthmus, layout_falls_marsh,
          evilmike_swamp_ruin_house_3, infiniplex_staircase_pool

Skill      XL: |  1  2  3  4  5  6  7  8  9 10 11 12 13 |
---------------+----------------------------------------+-----
Fire Magic     | 4 5 8 9 10 12 | 12.0
Dodging        | 3 5 |  5.6
Conjurations   | 2 4 5 6 9 10 | 10.9
Spellcasting   | 4 5 7 8 9 12 | 12.2
Evocations     | 3 |  3.0
Maces & Flails | 7 8 12 | 12.0
Translocations | 2 |  2.0
Fighting       | 1 2 |  2.5
Short Blades   | 7 10 | 10.0
Staves         | 1 |  1.0
Stealth        | |  1.4

Action                     |  1- 3 |  4- 6 |  7- 9 | 10-12 | 13-15 || total
---------------------------+-------+-------+-------+-------+-------++-------
  Melee: Unarmed           |     9 |     3 |       |       |       ||    12
         Dire flail        |       |       |    81 |       |       ||    81
         Whip              |       |       |    81 |    42 |       ||   123
         Punch             |       |       |       |     1 |       ||     1
         Short sword       |       |       |       |    82 |       ||    82
         Staff             |       |       |       |       |     8 ||     8
   Cast: Foxfire           |    33 |    27 |    30 |    53 |    24 ||   167
         Scorch            |     6 |    19 |    17 |    63 |    21 ||   126
         Flame Wave        |       |     1 |    17 |    33 |     9 ||    60
         Iskenderun's Myst |       |       |     1 |     1 |     4 ||     6
         Iskenderun's Batt |       |       |       |    11 |    13 ||    24
         Starburst         |       |       |       |       |    10 ||    10
  Evoke: Phantom mirror    |       |       |       |     1 |       ||     1
         Wand              |       |       |       |       |     2 ||     2
    Use: Potion            |       |     1 |     3 |     7 |       ||    11
         Scroll            |       |       |    12 |     3 |       ||    15
   Stab: Distracted        |       |       |     1 |       |       ||     1
 Armour: Robe              |    10 |     5 |    54 |    15 |       ||    84
         Steam dragon scal |       |       |       |    57 |     7 ||    64
  Dodge: Dodged            |    14 |    10 |   107 |   105 |    16 ||   252
  Block: Other             |       |       |    42 |    38 |     4 ||    84
         Reflection        |       |       |     1 |     1 |       ||     2
